 Dungeon Crawl Stone Soup version 0.26-a0-651-gb41185065b (webtiles) character file.

Game seed: 7346421708609153080

18421 Ozzies the Fighter (level 12, -1/82 HPs)
             Began as a Gargoyle Fighter on Oct 14, 2020.
             Was a High Priest of Okawaru.
             Slain by an entropy weaver (11 damage)
             ... on level 11 of the Dungeon.
             The game lasted 00:20:44 (13253 turns).

Ozzies the Fighter (Gargoyle Fighter)              Turns: 13253, Time: 00:20:44

Health: -1/82      AC:  6    Str: 24    XL:     12   Next: 58%
Magic:  16/16      EV:  8    Int: 10    God:    Okawaru [*****.]
Gold:   715        SH: 12    Dex: 21    Spells: 11/11 levels left

rFire    . . .     SeeInvis .   a - +2 whip (elec)
rCold    . . .     Faith    .   c - +0 kite shield
rNeg     + . .     Spirit   .   P - +2 plate armour {rPois}
rPois    ∞         Reflect  .   (no helmet)
rElec    +         Harm     .   x - +1 cloak
rCorr    .         Rampage  .   (no gloves)
MR       .....                  (no boots)
Stlth    ..........             (no amulet)
HPRegen  0.23/turn              p - +6 ring of dexterity
MPRegen  0.15/turn              J - +6 ring of dexterity

@: corroded
A: negative energy resistance 1, electricity resistance, unbreathing,
petrification resistance, rot immunity, AC +8
a: Heroism, Finesse, Renounce Religion


You were on level 11 of the Dungeon.
You worshipped Okawaru.
Okawaru was extremely pleased with you.
You visited 2 branches of the dungeon, and saw 13 of its levels.
You also visited: Ossuary.

You collected 715 gold pieces.

Inventory:

Hand Weapons
 a - a +2 whip of electrocution (weapon)
 L - a +0 morningstar of flaming
Missiles
 H - 4 throwing nets (quivered) {!f}
Armour
 b - the +2 leather armour "Vaomafig" {rF+}
   (You took it off a kobold on level 10 of the Dungeon)

   It protects you from fire.
 c - a +0 kite shield (worn)
 x - a +1 cloak (worn)
 K - +0 acid dragon scales
 O - a +0 plate armour
 P - a +2 plate armour of poison resistance (worn)
Jewellery
 p - a +6 ring of dexterity (left hand)
 y - an uncursed ring of resist corrosion
 J - a +6 ring of dexterity (right hand)
Wands
 e - a wand of disintegration (13)
 j - a wand of random effects (19)
 z - a wand of iceblast (27)
 A - a wand of paralysis (19)
 Q - a wand of digging (7)
Scrolls
 l - 2 scrolls of enchant weapon
 n - 10 scrolls of remove curse {@r2}
 q - 5 scrolls of immolation
 r - 4 scrolls of magic mapping {unknown}
 t - 10 scrolls of teleportation {@r3 !r}
 B - 7 scrolls of identify {@r1}
 E - 4 scrolls of fog {!r}
 F - a scroll of blinking {@r4}
 M - a scroll of enchant armour
Potions
 d - 3 potions of might {@q3 !q}
 g - 2 potions of invisibility
 h - 2 potions of degeneration {unknown}
 i - 13 potions of curing {unknown}
 k - 2 potions of ambrosia
 m - a potion of mutation {unknown}
 o - a potion of resistance {unknown}
 s - 2 potions of berserk rage {unknown}
 u - 3 potions of flight {unknown}
 v - 2 potions of lignification {unknown}
 w - 3 potions of stabbing {unknown}
 C - a potion of heal wounds {@q2 !q}
 D - a potion of haste {unknown}
 G - 4 potions of brilliance
 I - a potion of cancellation {unknown}
Miscellaneous
 N - a box of beasts (3/3)


   Skills:
 * Level 12.6 Fighting
   Level 1.6 Short Blades
 + Level 12.2 Maces & Flails
   Level 1.3 Polearms
 + Level 7.6 Armour
 + Level 3.8 Dodging
 + Level 7.7 Shields
 * Level 5.4 Invocations


You had 11 spell levels left.
You didn't know any spells.
Your spell library contained the following spells:

 Spells                   Type           Power        Failure   Level
 Static Discharge         Conj/Air       #.......     100%        3
 Lightning Bolt           Conj/Air       #.........   100%        5
 Ignition                 Fire           #.........   100%        8
 Shatter                  Erth           #.........   100%        9
 Tornado                  Air            #.........   100%        9


Dungeon Overview and Level Annotations

Branches:
Dungeon (12/15)            Temple (1/1) D:7            Lair (0/6) D:9
    Orc (0/2) D:12        Ossuary (visited)

Altars:
Ashenzari
Cheibriados
Dithmenos
Elyvilon
Fedhas
Gozag
Hepliaklqana
Kikubaaqudgha
Makhleb
Nemelex Xobeh
Okawaru
Qazlal
Ru
Sif Muna
Trog
Uskayaw
Vehumet
Wu Jian
Xom
Yredelemnul
Zin
The Shining One

Shops:
D:12 !

Portals:
Trove: D:11 (show slimy rune of Zot)


Innate Abilities, Weirdness & Mutations

You are resistant to torment.
Your stone body is resilient. (AC +8)
You are immune to poison.
You resist negative energy. (rN+)
You are resistant to electric shocks. (rElec)
You can survive without breathing.
You are immune to petrification.
You are immune to rotting.


Message History

You block the soldier ant's attack.
You hit the soldier ant but do no damage.
The soldier ant is almost dead.
You hit the soldier ant but do no damage.
The soldier ant is almost dead.
You block the soldier ant's attack. x2
Your plate armour prevents you from hitting the soldier ant.
The soldier ant is almost dead.
The entropy weaver hits you. You block the entropy weaver's attack.
The entropy weaver hits you but does no damage. x2
You hit the soldier ant.
You kill the soldier ant!
Okawaru accepts your kill. You block the entropy weaver's attack.
The entropy weaver hits you but does no damage.
The entropy weaver closely misses you. The entropy weaver hits you.
The soldier ant stings you but does no damage.
You hit the entropy weaver.
The entropy weaver is lightly wounded.
The soldier ant completely misses you.
You barely miss the entropy weaver.
The entropy weaver is lightly wounded.
The soldier ant twitches its antennae in your direction.
The entropy weaver hits you! The entropy weaver hits you.
You block the entropy weaver's attack. The entropy weaver hits you!
The soldier ant stings you but does no damage.
You hit the entropy weaver but do no damage.
The entropy weaver is lightly wounded.
You block the soldier ant's attack. The entropy weaver closely misses you.
You block the entropy weaver's attack. The entropy weaver hits you.
The entropy weaver hits you but does no damage.
You hit the entropy weaver.
Lightning courses through the entropy weaver!!
The entropy weaver is moderately wounded.
The soldier ant closely misses you.
You hit the entropy weaver but do no damage.
The entropy weaver is moderately wounded.
You block the soldier ant's attack.
The entropy weaver points at you and mumbles some strange words.
The entropic weave corrodes you! You block the soldier ant's attack.
The entropy weaver hits you!
You block the entropy weaver's attack. x2
The entropy weaver hits you but does no damage.
The entropy weaver gestures at you while chanting.
The entropic weave corrodes you!
You block the entropy weaver's attack. x2; The entropy weaver hits you.
The entropy weaver hits you! You block the entropy weaver's attack.
The entropy weaver hits you. The entropy weaver hits you!
* * * LOW HITPOINT WARNING * * *
You block the entropy weaver's attack.
The soldier ant waves its antennae.
The entropy weaver hits you but does no damage.
You block the entropy weaver's attack. The entropy weaver barely misses you.
The entropy weaver hits you.
* * * LOW HITPOINT WARNING * * *
There is a stone staircase leading up here.
The entropy weaver hits you but does no damage.
You block the entropy weaver's attack. The entropy weaver hits you!
* * * LOW HITPOINT WARNING * * *
The entropy weaver hits you!
* * * LOW HITPOINT WARNING * * *
You climb upwards.
There is a stone staircase leading down here.
You hit the entropy weaver but do no damage.
The entropy weaver is lightly wounded.
Okay, then.
Really quaff
C - 3 potions of heal wounds {@q2 !q}?
You feel much better. The entropy weaver barely misses you.
You block the entropy weaver's attack. The entropy weaver hits you! x2
* * * LOW HITPOINT WARNING * * *
The entropy weaver barely misses you. You block the entropy weaver's attack.
The entropy weaver hits you but does no damage. x2
You barely miss the entropy weaver.
The entropy weaver is lightly wounded.
You miss the entropy weaver.
The entropy weaver is lightly wounded.
The entropy weaver casts a spell at you.
The entropic weave corrodes you!
You hit the entropy weaver but do no damage.
The entropy weaver is lightly wounded.
You barely miss the entropy weaver.
The entropy weaver is lightly wounded.
The entropy weaver hits you but does no damage.
The entropy weaver closely misses you.
The entropy weaver hits you but does no damage.
You block the entropy weaver's attack.
Your plate armour prevents you from hitting the entropy weaver.
The entropy weaver is lightly wounded.
You block the entropy weaver's attack. The entropy weaver hits you.
* * * LOW HITPOINT WARNING * * *
You block the entropy weaver's attack. The entropy weaver hits you!
* * * LOW HITPOINT WARNING * * *
You hit the entropy weaver but do no damage.
The entropy weaver is lightly wounded.
Really quaff
C - 2 potions of heal wounds {@q2 !q}?
You feel much better. The entropy weaver hits you!
* * * LOW HITPOINT WARNING * * *
You block the entropy weaver's attack. The entropy weaver hits you!
You die...

#####.....####.......###.#.#.##
....).###....#.......##....)..#
..(...# #............##.).))..#
..)...###....#.......##..#.##.#
#####..)...[..........#..#.##.#
##.)..##..8.....8.#..#.##.#
####.###.................#
#.###..........###.####
#...#...@......# #.#
#.......a.....## #.# #####
#.#.#..........###.# ....#
#.#...8.....8......# ..#.#
#.#........(.....### .#..#
#.###.####......## ###.###
#.###.# #####.## # ##..#
#.....# ### ###.#.# #.....#


You could see an entropy weaver.

Vanquished Creatures
  Snorg (D:12)
  Harold (D:7)
  Erica (D:10)
  A queen ant (D:12)
  A two-headed ogre (D:12)
  2 unseen horrors
  The ghost of qborf the Destroyer, a novice OpCj of Ashenzari (D:8)
  A cyclops (D:12)
  A manticore (D:11)
  3 ugly things
  Maurice (D:10)
  A centaur skeleton (D:11)
  Psyche (D:8)
  Maggie (D:10)
  A kobold demonologist (D:10)
  A troll (D:10)
  4 hippogriffs
  A wraith (Ossuary)
  4 wyverns
  A shadow (D:11)
  6 yaks (D:11)
  A steam dragon (D:10)
  3 water moccasins
  11 soldier ants (D:12)
  5 orc warriors
  2 necrophages
  2 sky beasts
  4 ogres
  2 eyes of draining
  2 ice beasts
  5 phantoms
  6 centaurs
  4 big kobolds
  5 bullfrogs
  A water moccasin zombie (D:5)
  3 scorpions
  9 killer bees
  8 wights (D:12)
  4 howler monkeys
  A centaur zombie (D:12)
  3 bullfrog zombies
  4 jellies
  Crazy Yiuf (D:3)
  3 orc priests
  3 bullfrog skeletons
  7 hounds
  5 iguanas
  14 worker ants
  7 orc wizards
  A big kobold zombie (Ossuary)
  A hound zombie (D:5)
  3 hound skeletons
  4 mummies
  2 howler monkey zombies (D:10)
  3 gnolls (D:5)
  8 adders
  3 shadow imps
  4 white imps
  2 ufetubi
  3 oozes
  5 worms
  3 dart slugs
  4 leopard geckos
  45 orcs
  4 ball pythons
  8 giant cockroaches
  4 goblins
  11 hobgoblins
  37 kobolds
  3 quokkas
  13 bats
  3 frilled lizards
  A giant cockroach zombie (D:5)
  4 goblin zombies (Ossuary)
  2 hobgoblin zombies (Ossuary)
  3 kobold zombies (Ossuary)
  An orc zombie (Ossuary)
  A quokka zombie (D:9)
  6 rats
352 creatures vanquished.

Vanquished Creatures (others)
  An orc wizard (D:5)
  A quokka (D:3)
2 creatures vanquished.

Grand Total: 354 creatures vanquished

Notes
Turn   | Place    | Note
-------+----------+-------------------------------------------
     0 | D:1      | Ozzies the Gargoyle Fighter began the quest for the Orb.
     0 | D:1      | Reached XP level 1. HP: 14/14 MP: 1/1
   182 | D:1      | Reached XP level 2. HP: 19/20 MP: 2/2
   707 | D:1      | Reached XP level 3. HP: 24/24 MP: 3/3
  1060 | D:2      | Reached XP level 4. HP: 30/30 MP: 4/4
  1184 | D:2      | Reached skill level 5 in Fighting
  1525 | D:3      | Reached XP level 5. HP: 34/36 MP: 5/5
  1531 | D:3      | Found a white marble altar of Elyvilon.
  1627 | D:3      | Noticed a sky beast
  1640 | D:3      | Killed a sky beast
  1640 | D:3      | Reached XP level 6. HP: 42/44 MP: 6/6
  2171 | D:3      | Found a runed translucent door.
  2172 | D:3      | Noticed Crazy Yiuf
  2465 | D:3      | Killed Crazy Yiuf
  2772 | D:4      | Noticed an ice beast
  2783 | D:4      | Killed an ice beast
  2783 | D:4      | Reached XP level 7. HP: 42/49 MP: 7/7
  2985 | D:4      | Reached skill level 1 in Short Blades
  2985 | D:4      | Reached skill level 1 in Dodging
  3541 | D:5      | Entered Level 5 of the Dungeon
  3582 | D:5      | HP: 1/50 [orc priest/divine providence (16)]
  3904 | D:5      | Reached XP level 8. HP: 48/55 MP: 8/8
  4100 | D:5      | Reached skill level 1 in Polearms
  5034 | D:6      | Found a sand-covered staircase.
  5039 | Ossuary  | Entered an ossuary
  5039 | Ossuary  | Noticed a wraith
  5039 | Ossuary  | Noticed a wraith
  5039 | Ossuary  | Noticed a wraith
  5149 | Ossuary  | Noticed a wraith
  5156 | Ossuary  | Killed a wraith
  5156 | Ossuary  | Reached skill level 5 in Armour
  5156 | Ossuary  | Reached skill level 5 in Shields
  5156 | Ossuary  | Reached XP level 9. HP: 57/61 MP: 9/9
  5646 | D:7      | Noticed Harold
  5972 | D:7      | Killed Harold
  5972 | D:7      | Reached skill level 10 in Fighting
  5972 | D:7      | Reached skill level 5 in Maces & Flails
  6185 | D:7      | Found a staircase to the Ecumenical Temple.
  6192 | Temple   | Entered the Ecumenical Temple
  6282 | Temple   | Became a worshipper of Warmaster Okawaru
  6892 | D:8      | Found a transporter.
  6912 | D:8      | Reached skill level 1 in Invocations
  6977 | D:8      | Found a sparkling altar of Nemelex Xobeh.
  7187 | D:8      | Noticed qborf's ghost (novice OpCj)
  7190 | D:8      | Found a transporter.
  7204 | D:8      | Reached XP level 10. HP: 68/68 MP: 11/11
  7216 | D:8      | Reached * piety under Okawaru
  7338 | D:8      | Noticed Psyche
  7351 | D:8      | Killed Psyche
  7648 | D:8      | Killed qborf's ghost
  7648 | D:8      | Reached ** piety under Okawaru
  7839 | D:10     | Entered Level 10 of the Dungeon
  8417 | D:9      | Found a blossoming altar of Fedhas.
  8417 | D:9      | Found a sparkling altar of Nemelex Xobeh.
  8417 | D:9      | Found a broken altar of Ashenzari.
  8418 | D:9      | Found an ornate altar of the Wu Jian Council.
  8418 | D:9      | Found an ancient bone altar of Kikubaaqudgha.
  8511 | D:9      | Found a bloodstained altar of Trog.
  8745 | D:9      | Found a staircase to the Lair.
  8901 | D:10     | Reached *** piety under Okawaru
  9096 | D:10     | Noticed Maggie
  9111 | D:10     | Killed Maggie
  9126 | D:10     | Reached XP level 11. HP: 64/76 MP: 13/13
  9245 | D:10     | Identified the +2 leather armour "Vaomafig" {rF+}
  9437 | D:10     | Noticed Erica
  9461 | D:10     | Killed Erica
  9461 | D:10     | Reached **** piety under Okawaru
  9494 | D:10     | Noticed Maurice
  9531 | D:10     | Killed Maurice
 10031 | D:11     | Found a portal to a secret trove of treasure.
 10065 | D:11     | Killed an unseen horror
 10065 | D:11     | Reached skill level 10 in Maces & Flails
 10225 | D:11     | Noticed a green ugly thing
 10239 | D:11     | Noticed a manticore
 10244 | D:11     | Killed a green ugly thing
 10244 | D:11     | Reached ***** piety under Okawaru
 10244 | D:11     | Received a gift from Okawaru
 10260 | D:11     | Killed a manticore
 11115 | D:11     | Received a gift from Okawaru
 11195 | D:11     | Noticed a red ugly thing
 11207 | D:11     | Killed a red ugly thing
 11645 | D:12     | Found a staircase to the Orcish Mines.
 11652 | D:12     | Reached XP level 12. HP: 79/81 MP: 14/14
 11763 | D:12     | Noticed a two-headed ogre
 11772 | D:12     | Killed a two-headed ogre
 11979 | D:12     | Noticed Snorg
 12003 | D:12     | Killed Snorg
 12258 | D:12     | Found Lanuizy's Distillery.
 12854 | D:12     | Noticed an entropy weaver
 12856 | D:12     | Noticed a queen ant
 12864 | D:12     | Reached skill level 5 in Invocations
 12891 | D:12     | Killed a queen ant
 12899 | D:12     | Noticed an entropy weaver
 13243 | D:12     | HP: 1/82 [entropy weaver (9)]
 13253 | D:11     | Slain by an entropy weaver

Illustrated notes

Levels and vault maps discovered:
D:1:      minmay_arrival_radiant_lines, layout_basic
D:2:      layout_loops_ring
D:3:      minmay_diamond_boxcup, layout_loops_ring, elyvilon_altar_4,
          serial_rivers, chequers_serial_rivers_micro_c,
          chequers_serial_rivers_micro_d, chequers_serial_rivers_small_b,
          chequers_serial_rivers_large_a, chequers_serial_rivers_micro_b,
          uniq_crazy_yiuf_cottage
D:4:      kb_forest_paths, layout_loops_cross
D:5:      layout_rooms
D:6:      layout_rooms, enter_ossuary_5
D:7:      layout_basic, minmay_temple_entry_arrows, uniq_harold
D:8:      layout_cave_pools, basic_altar, gammafunk_ghost_mausoleum,
          eino_tiny_chamber, uniq_psyche
D:9:      layout_loops_ring, grunt_temple_overflow_open, lair_entry_dummy,
          trog_butcher_becter
D:10:     layout_loops_ring, kennysheep_dice, uniq_erica, uniq_maggie,
          uniq_maurice
D:11:     layout_loops_cross, enter_trove_2, minmay_misc_feat_more_columns,
          minmay_tree_intersection, hangedman_decor_push, st_stairs_1
D:12:     layout_cross, orc_0_dummy, serial_shops, shop, minivault_29,
          uniq_erolcha, uniq_snorg
Temple:   lightli_temple_of_artemis

Skill      XL: |  1  2  3  4  5  6  7  8  9 10 11 12 |
---------------+-------------------------------------+-----
Fighting       | 4 6 7 8 9 10 12 | 12.6
Short Blades   | 1 |  1.6
Dodging        | 1 2 3 |  3.8
Armour         | 4 5 6 7 |  7.6
Shields        | 4 5 6 7 |  7.7
Polearms       | 1 |  1.3
Maces & Flails | 3 5 7 12 | 12.2
Invocations    | 2 3 5 |  5.4

Action                   |  1- 3 |  4- 6 |  7- 9 | 10-12 || total
-------------------------+-------+-------+-------+-------++-------
Melee: Flail             |    67 |       |       |       ||    67
       Hand axe          |    34 |       |       |       ||    34
       Dagger            |    24 |   227 |    93 |       ||   344
       Whip              |       |       |   250 |   815 ||  1065
       Trident           |       |       |    68 |       ||    68
Invok: Heroism           |       |       |       |     1 ||     1
  Use: Scroll            |       |       |    13 |     2 ||    15
       Potion            |       |       |       |     2 ||     2
 Stab: Invisible         |       |       |       |     1 ||     1
       Sleeping          |       |       |       |     1 ||     1
Armor: Scale mail        |    69 |   108 |   191 |   121 ||   489
       Acid dragon scale |       |       |       |    73 ||    73
       Plate armour      |       |       |       |   288 ||   288
Dodge: Dodged            |    40 |    82 |   193 |   246 ||   561
Block: Kite shield       |    61 |   108 |   225 |   470 ||   864

Table legend: (Time is in decaauts)
 A = Elapsed time spent in this place.
 B = Non-inter-level travel time spent in this place.
 C = Inter-level travel time spent in this place.
 D = Time resting spent in this place.
 E = Time spent auto-exploring this place.
 F = Levels seen in this place.
 G = Mean time per level.
                   A        B        C        D        E       F      G
               +--------+--------+--------+--------+--------+-----+--------+
         Total |  13067 |  12748 |    319 |   2632 |   7261 |  14 |  933.4 |
       Dungeon |  12537 |  12239 |    298 |   2632 |   6877 |  12 | 1044.8 |
        Temple |    110 |     90 |     20 |      0 |     85 |   1 |  110.0 |
       Ossuary |    418 |    418 |      0 |      0 |    299 |   1 |  418.0 |
               +--------+--------+--------+--------+--------+-----+--------+

Top non-repeatable levels by time:
    D:11: 1699 daAuts
    D:10: 1480 daAuts
    D:12: 1318 daAuts
     D:3: 1301 daAuts
     D:4: 1233 daAuts
     D:6: 920 daAuts
     D:1: 883 daAuts
     D:8: 876 daAuts
     D:7: 839 daAuts
     D:9: 690 daAuts
     D:5: 647 daAuts
     D:2: 645 daAuts
 Ossuary: 418 daAuts
  Temple: 110 daAuts
